 Dungeon Crawl Stone Soup version 0.29-a0-356-g7bc237e783 (webtiles) character file.

Game seed: 2735250039189956562

191 HendSelp the Ruffian (level 5, -5/46 HPs)
             Began as a Tengu Gladiator on Apr 26, 2022.
             Was an Initiate of Wu Jian.
             Splashed by a jelly's acid (8 damage)
             ... on level 5 of the Dungeon.
             The game lasted 00:04:50 (5276 turns).

HendSelp the Ruffian (Tengu Gladiator)              Turns: 5276, Time: 00:04:51

Health: -5/46      AC: 18    Str: 16    XL:     5   Next: 70%
Magic:  6/6        EV:  2    Int:  9    God:    Wu Jian [......]
Gold:   159        SH:  0    Dex: 15    Spells: 4/4 levels left

rFire   . . .      SeeInvis .     - Unarmed
rCold   . . .      Faith    .   (no shield)
rNeg    . . .      Spirit   .   (body armour currently unavailable)
rPois   +          Reflect  .   (helmet currently unavailable)
rElec   .          Harm     .   (cloak currently unavailable)
rCorr   .          Rampage  .   (gloves currently unavailable)
Will    .....      NoTele   +   (boots unavailable)
Stlth   +.........              (no amulet)
HPRegen 0.15/turn               i - +4 ring of evasion
MPRegen 0.10/turn               (no ring)

@: tree-form, corroded
A: stationary, stasis, torment immunity, boosted hp, (beak), (talons 3), nimble
flight
a: Renounce Religion


You were on level 5 of the Dungeon.
You worshipped Wu Jian.
Wu Jian was noncommittal.
You were a tree.
You visited 2 branches of the dungeon, and saw 7 of its levels.

You collected 159 gold pieces.

Inventory:

Missiles
 c - 3 throwing nets
 d - a javelin (quivered)
Armour
 a - a +0 leather armour (melded)
 b - a +0 hat (melded)
 l - a scarf of repulsion (melded)
Jewellery
 i - a +4 ring of evasion (left branch)
Wands
 o - a wand of iceblast (13)
Scrolls
 e - 3 scrolls of teleportation
Potions
 f - a potion of lignification
 h - a potion of mutation
 j - 4 potions of ambrosia
 k - 2 potions of invisibility
 m - 2 potions of heal wounds {unknown}


   Skills:
 * Level 2.6 Fighting
 - Level 2.0 Throwing
 * Level 2.3 Armour
 * Level 4.2 Dodging
 * Level 5.3 Unarmed Combat


You had 4 spell levels left.
You didn't know any spells.
Your spell library contained the following spells:

 Spells                   Type           Power      Damage    Failure   Level
 Foxfire                  Conj/Fire      0%         2x1d4     38%         1
 Freeze                   Ice            0%         1d3       38%         1
 Conjure Flame            Conj/Fire      0%         6-21      77%         3
 Frozen Ramparts          Ice            0%         1d2       77%         3
 Inner Flame              Hex/Fire       0%         N/A       77%         3
 Animate Dead             Necr           0%         N/A       99%         4
 Flame Wave               Conj/Fire      0%         2d4       99%         4
 Hailstorm                Conj/Ice       0%         3d3       99%         4
 Haunt                    Necr/Summ      0%         N/A       100%        7
 Infestation              Necr           0%         N/A       100%        8


Dungeon Overview and Level Annotations

Branches:
Dungeon (6/15)             Temple (1/1) D:4

Altars:
Ashenzari
Dithmenos
Elyvilon
Fedhas
Gozag
Kikubaaqudgha
Makhleb
Okawaru
Qazlal
Sif Muna
Trog
Vehumet
Wu Jian

Annotations:
D:3 3 runed translucent doors, Darius099's ghost, amateur GrFi


Innate Abilities, Weirdness & Mutations

You are a tree.
Your roots penetrate the ground, keeping you stationary.
You cannot be teleported.
You are immune to unholy pain and torment.
Your maximum health is greatly increased.
Your equipment is partially melded.
((You have a beak for a mouth.))
((You have claws for feet.))
Your magical nature lets you fly swiftly and evasively.


Message History

There is a stone staircase leading down here.
A jelly is nearby!
A jelly is nearby!
Found a silvery potion.
You lunge at the jelly.
You hit the jelly.
Your hands burn!
The jelly is moderately wounded.
The jelly misses you.
A jelly is nearby!
You punch the jelly! The acid corrodes you!
Your hands burn!
The jelly is severely wounded.
The jelly hits you.
You are splashed with acid.
A jelly is nearby!
You hit the jelly but do no damage.
Your hands burn!
You claw the jelly.
The jelly is severely wounded.
The jelly closely misses you.
You are too injured to fight recklessly!
You are too injured to fight recklessly!
You are too injured to fight recklessly!
Unknown command.
You turn into a tree.
Your scarf of repulsion melds into your body.
Your +0 hat melds into your body.
Your +0 leather armour melds into your body.
The haze of the repulsion field disappears.
Your roots penetrate the ground.
The jelly hits you but does no damage.
You hit the jelly but do no damage.
Your branches burn!
* * * LOW HITPOINT WARNING * * *
The jelly is severely wounded.
The jelly hits you but does no damage.
You hit the jelly.
Your branches burn!
* * * LOW HITPOINT WARNING * * *
The jelly is severely wounded.
The jelly hits you but does no damage.
You hit the jelly.
Your branches burn!
* * * LOW HITPOINT WARNING * * *
The jelly is severely wounded.
The jelly hits you.
* * * LOW HITPOINT WARNING * * *
You are splashed with acid!
You die...

.. #...## ##. #.. #.<.#
#. #.. ######..## ##.
!.. .........###.# ..
#######....... #.#
#..#.### #.. #..#.#
#.###..##########..#.#
#.....J♣...........#.###
#####.####..............
.. #.#######.#.##. ##
#.# #.#.##.
#.#######.#.###
............# #
..........###
##.######### #.#


You could see a jelly.

Vanquished Creatures
  An iguana (D:5)
  3 gnolls (D:2)
  6 adders
  An ufetubus (D:4)
  2 worms
  A dart slug (D:2)
  3 orcs
  2 ball pythons
  4 bats
  7 endoplasms
  4 giant cockroaches
  9 hobgoblins
  4 jackals (D:3)
  3 quokkas (D:1)
  2 training dummies (D:4)
  A frilled lizard (D:1)
  7 goblins
  3 kobolds
  3 rats
66 creatures vanquished.

Vanquished Creatures (others)
  2 plants (D:3)
2 creatures vanquished.

Grand Total: 68 creatures vanquished

Notes
Turn   | Place    | Note
-------+----------+-------------------------------------------
     0 | D:1      | HendSelp the Tengu Gladiator began the quest for the Orb.
     0 | D:1      | Reached XP level 1. HP: 12/12 MP: 2/2
    26 | D:1      | Found a faded altar of an unknown god.
    66 | D:1      | Reached XP level 2. HP: 10/17 MP: 3/3
  1082 | D:2      | Reached XP level 3. HP: 19/21 MP: 4/4
  1201 | D:2      | Reached skill level 1 in Armour
  1201 | D:2      | Reached skill level 4 in Unarmed Combat
  1493 | D:2      | Reached XP level 4. HP: 26/26 MP: 5/5
  2793 | D:3      | You fall into a shaft and drop 3 floors!
  2813 | D:5      | Entered Level 5 of the Dungeon
  2917 | D:5      | Gained mutation: Your magical nature lets you fly swiftly
                  | and evasively. [Tengu growth]
  2917 | D:5      | Reached XP level 5. HP: 19/31 MP: 6/6
  3431 | D:3      | Found a runed translucent gate.
  3431 | D:3      | Found a runed translucent gate.
  3431 | D:3      | Found a runed translucent gate.
  3432 | D:3      | Noticed Darius099's ghost (amateur GrFi)
  3453 | D:3      | Reached skill level 5 in Unarmed Combat
  3563 | D:3      | Found a white marble altar of Elyvilon.
  3795 | D:4      | Found a staircase to the Ecumenical Temple.
  3827 | Temple   | Entered the Ecumenical Temple
  3860 | Temple   | Became a worshipper of the Wu Jian Council
  4801 | D:5      | HP: 1/31 [acid (11)]
  5276 | D:5      | Splashed by a jelly's acid

Illustrated notes

Levels and vault maps discovered:
D:1:      wander_arrival_chamber, layout_basic, basic_ecumenical_altar
D:2:      layout_loops_ring, serial_aquarium, aquarium_bridge_square
          [aquarium_subvault_wall, aquarium_subvault_balcony,
          aquarium_subvault_window, aquarium_subvault_bridge],
          aquarium_window_2, aquarium_window_fake, aquarium_view_2d,
          aquarium_balcony_double_4
D:3:      layout_rooms, mainiacjoe_overflow_six_doors_small,
          ebering_ghost_rock_garden, serial_bayou_lake_a
D:4:      dreamdust_elfheim, layout_basic, minmay_temple_entry_drinking_statues,
          serial_park_tiny_2
D:5:      layout_loops_ring, minmay_misc_feat_cross, solitary_fountain,
          eino_small_chamber_without_monster, kennysheep_doodads
D:6:      layout_rooms, zin_angel, general_overflow_altar, serial_glass,
          glass_columns_b, glass_columns_a, ebering_ghost_disaster_area,
          uniq_maggie
Temple:   nicolae_temple_hex_pool

Skill      XL: |  1  2  3  4  5 |
---------------+----------------+-----
Armour         | 1 2 |  2.3
Unarmed Combat | 4 5 |  5.3
Dodging        | 4 |  4.2
Fighting       | |  2.6
Throwing       | |  2.0

Action                   |  1- 3 |  4- 6 || total
-------------------------+-------+-------++-------
Melee: Unarmed           |    72 |   120 ||   192
       Peck              |     7 |    19 ||    26
       Kick              |    15 |    31 ||    46
       Punch             |       |     4 ||     4
Throw: Javelin           |     1 |       ||     1
Invok: Lunge             |       |     3 ||     3
  Use: Scroll            |     3 |     5 ||     8
       Potion            |       |     1 ||     1
 Stab: Sleeping          |     1 |     1 ||     2
Armor: Leather armour    |    12 |    21 ||    33
       Skin              |       |     3 ||     3
Dodge: Dodged            |    55 |    81 ||   136

Table legend: (Time is in decaauts)
 A = Elapsed time spent in this place.
 B = Non-inter-level travel time spent in this place.
 C = Inter-level travel time spent in this place.
 D = Time resting spent in this place.
 E = Time spent auto-exploring this place.
 F = Levels seen in this place.
 G = Mean time per level.
                   A        B        C        D        E       F      G
               +--------+--------+--------+--------+--------+-----+--------+
         Total |   5115 |   4838 |    277 |    826 |   3539 |   7 |  730.7 |
       Dungeon |   5053 |   4791 |    262 |    826 |   3501 |   6 |  842.2 |
        Temple |     62 |     47 |     15 |      0 |     37 |   1 |   62.0 |
               +--------+--------+--------+--------+--------+-----+--------+

Top non-repeatable levels by time:
     D:4: 1593 daAuts
     D:1: 1180 daAuts
     D:2: 1158 daAuts
     D:3: 825 daAuts
     D:5: 274 daAuts
  Temple: 62 daAuts
     D:6: 19 daAuts
